 Dungeon Crawl Stone Soup version 0.31-a0-237-g2d982f9f85 (webtiles) character file.

Game seed: 6544928059937970801

89 qw the Shooter (level 4, 0/26 HPs)
             Began as a Gargoyle Hexslinger on July 11, 2023.
             Slain by a goblin
             ... wielding a +0 dagger
             ... led by Robin
              (3 damage)
             ... on level 2 of the Dungeon.
             The game lasted 00:00:31 (897 turns).

qw the Shooter (Gargoyle Hexslinger)                 Turns: 897, Time: 00:00:31

Health: 0/26       AC:  8    Str: 11    XL:     4   Next: 55%
Magic:  5/5        EV: 10    Int: 14    God:
Gold:   132        SH:  0    Dex: 14    Spells: 4/5 levels left

rFire   . . .        Y - +1 sling (flame)
rCold   . . .        (no shield)
rNeg    + . .        e - +0 ring mail
rPois   inf          (no helmet)
rElec   +            (no cloak)
rCorr   .            (no gloves)
SInv    .            (no boots)
Will    .....        (no amulet)
Stlth   +            (no ring)
HPRegen 0.24/turn    (no ring)
MPRegen 0.09/turn

%: no passive effects
@: no status effects
A: sickness immunity, AC +3, negative energy resistance 1, electricity
resistance, torment resistance 1, petrification resistance
a: no special abilities


You were on level 2 of the Dungeon.
You visited 1 branch of the dungeon, and saw 2 of its levels.

You collected 132 gold pieces.


Innate Abilities, Weirdness & Mutations

You are immune to sickness and miasma.
Your stone body is resilient. (AC +3)
You are immune to poison.
You resist negative energy. (rN+)
You are resistant to electric shocks. (rElec)
You are resistant to unholy torment.
You are immune to petrification.


   Skills:
 - Level 2.0 Fighting
 + Level 4.1 Ranged Weapons
 - Level 1.0 Armour
 - Level 1.5 Dodging
 - Level 1.0 Spellcasting
 - Level 2.6 Hexes


You had 4 spell levels left.
You knew the following spells:

 Your Spells              Type           Power      Damage    Failure   Level
a - Slow                  Hex            32%        N/A       21%         1

Your spell library contained the following spells:

 Spells                   Type           Power      Damage    Failure   Level
 Inner Flame              Hex/Fire       4%         N/A       71%         3
 Portal Projectile        Hex/Tloc       8%         N/A       71%         3
 Cause Fear               Hex            4%         N/A       90%         4

Inventory:

Hand Weapons
 Y - a +1 sling of flaming (weapon)
Armour
 a - a scarf of invisibility
 e - a +0 ring mail (worn)
Potions
 g - a potion of curing {unknown}
 h - a potion of ambrosia {unknown}

Dungeon Overview and Level Annotations

Branches:
Dungeon (2/15)

Altars:

Shops:
D:1 =

Annotations:
D:2 Robin


Message History

You kill the goblin!
A goblin comes into view.
It is wielding a +0 dagger of electrocution.
The hobgoblin hits you. The hobgoblin barely misses you.
The goblin hits you but does no damage. Robin throws the goblin at you!
You shoot a sling bullet.
The sling bullet barely misses the goblin.
The goblin shouts!
The goblin hits you but does no damage. The goblin barely misses you.
The hobgoblin barely misses you. The goblin hits you but does no damage.
The goblin completely misses you.
You shoot a sling bullet. The sling bullet hits the goblin.
The sling bullet burns the goblin.
You kill the goblin!
The goblin hits you with a +0 dagger.
The hobgoblin hits you but does no damage.
The goblin hits you with a +0 dagger.
The goblin hits you but does no damage. x2
You shoot a sling bullet.
The sling bullet hits the goblin but does no damage.
The goblin closely misses you.
The hobgoblin hits you but does no damage.
The goblin closely misses you.
The goblin hits you but does no damage. x2
The hobgoblin hits you but does no damage.
The goblin hits you with a +0 dagger. x2
The goblin hits you but does no damage. The goblin hits you with a +0 dagger.
You shoot a sling bullet.
The sling bullet barely misses the goblin.
The goblin closely misses you. The hobgoblin hits you.
The goblin barely misses you.
Robin says, "Kneel, worm!"
The goblin barely misses you. The goblin hits you with a +0 club.
You shoot a sling bullet. The sling bullet hits the goblin.
The sling bullet burns the goblin.
The goblin is severely wounded.
The goblin hits you but does no damage. x3; The goblin closely misses you.
The hobgoblin barely misses you.
You shoot a sling bullet.
The sling bullet hits the goblin but does no damage.
The goblin is severely wounded.
The goblin hits you with a +0 dagger.
You die...

##..###.....#
#.. ##..###
##..## ##.# .
##....####.#
..##..##..##..#
..............#
#......#..#####
#.....gg)...#
##..gg@....#
......gg....#
......g?....#
............#
.%..........#
............#
............#
#####.......#


You could see Robin, a hobgoblin (strong) and 5 goblins.

Vanquished Creatures
  3 gnolls (D:2)
  An adder (D:1)
  2 dart slugs (D:1)
  5 endoplasms (D:1)
  9 goblins
  4 hobgoblins
  8 jackals (D:1)
  4 ball pythons
  A bat (D:1)
  3 frilled lizards (D:1)
  2 kobolds (D:1)
  2 rats (D:1)
44 creatures vanquished.

Notes
Turn   | Place    | Note
-------+----------+-------------------------------------------
     0 | D:1      | qw the Gargoyle Hexslinger began the quest for the Orb.
     0 | D:1      | Reached XP level 1. HP: 12/12 MP: 2/2
     0 | D:1      | 0 ||| qw: Version: 0.3-a-52-g30416fa
     0 | D:1      | 0 ||| qw: Game counter: 5696
     0 | D:1      | 0 ||| qw: Melee chars always use a shield: true
     0 | D:1      | 0 ||| qw: God list: Okawaru
     0 | D:1      | 0 ||| qw: Allow faded altars: false
     0 | D:1      | 0 ||| qw: Do Orc after clearing Dungeon:15 true
     0 | D:1      | 0 ||| qw: Do second Lair branch before Depths: true
     0 | D:1      | 0 ||| qw: Lair rune preference: random
     0 | D:1      | 0 ||| qw: Goals: Normal
     0 | D:1      | 0 ||| PLANNING D:1-11
    57 | D:1      | Reached XP level 2. HP: 16/16 MP: 3/3
    63 | D:1      | 63 ||| FLEEEEING.
    64 | D:1      | 64 ||| FLEEEEING.
   100 | D:1      | Reached skill level 3 in Ranged Weapons
   179 | D:1      | Reached XP level 3. HP: 16/21 MP: 4/4
   222 | D:1      | Found Fajomor's Jewellery Boutique.
   230 | D:1      | 230 ||| SHOPLISTING +6 ring of dexterity (396 gold, have
                  | 70).
   230 | D:1      | 230 ||| SHOPLISTING +6 ring of strength (396 gold, have
                  | 70).
   230 | D:1      | 230 ||| SHOPLISTING ring of positive energy (220 gold, have
                  | 70).
   230 | D:1      | 230 ||| SHOPLISTING ring of protection from cold (275 gold,
                  | have 70).
   230 | D:1      | 230 ||| SHOPLISTING ring of see invisible (165 gold, have
                  | 70).
   642 | D:1      | 642 ||| UPGRADING to +0 ring mail.
   652 | D:1      | 652 ||| DROPPING +0 robe.
   653 | D:1      | 653 ||| READING 2 scrolls labelled YFOETE JYONU.
   654 | D:1      | 654 ||| READING scroll labelled XISOJO CAUVYRR.
   655 | D:1      | 655 ||| READING 2 scrolls labelled CYCKUM HOEVVAKK.
   656 | D:1      | 656 ||| READING scroll labelled LUAPPOV PEODD.
   659 | D:1      | 659 ||| READING scroll labelled PYEZIW COITRIH.
   660 | D:1      | 660 ||| DRINKING 2 bubbling golden potions.
   694 | D:1      | 694 ||| DROPPING scroll of summoning.
   695 | D:1      | 695 ||| DROPPING scroll of poison.
   696 | D:1      | 696 ||| DROPPING scroll of blinking.
   697 | D:1      | 697 ||| DROPPING potion of lignification.
   737 | D:2      | 737 ||| STAIRDANCE
   760 | D:2      | Reached XP level 4. HP: 26/26 MP: 5/5
   776 | D:2      | Reached skill level 4 in Ranged Weapons
   787 | D:2      | Reached skill level 1 in Armour
   888 | D:2      | Noticed Robin
   895 | D:2      | HP: 3/26 [hobgoblin[Robin] (4)]
   897 | D:2      | Slain by a goblin

Levels and vault maps discovered:
D:1:      lemuel_arrival_river_ford, layout_basic, serial_shops, shop
D:2:      layout_basic, hellmonk_ecumenical_altar_lost_god,
          palyth_stone_intersect, uniq_robin

Skill      XL: |  1  2  3  4 |
---------------+-------------+-----
Ranged Weapons | 3 4 |  4.1
Fighting       | 2 |  2.0
Armour         | 1 |  1.0
Dodging        | |  1.5
Spellcasting   | |  1.0
Hexes          | |  2.6

Action                     |  1- 3 |  4- 6 || total
---------------------------+-------+-------++-------
   Fire: Sling             |   110 |    26 ||   136
    Use: Scroll            |     5 |       ||     5
         Potion            |     1 |       ||     1
 Armour: Robe              |    27 |       ||    27
         Ring mail         |     3 |    18 ||    21
  Dodge: Dodged            |    47 |    18 ||    65

Table legend:
 A = Non-vault XP
 B = Vault XP
 C = Vault XP percentage of total XP
 D = Non-vault monster count
 E = Vault monster count
 F = Vault count percentage of total count
                 A         B        C        D         E       F
            +---------+---------+-------+---------+---------+-------
      Total |     121 |       7 |   5.5 |      40 |       4 |   9.1
            +---------+---------+-------+---------+---------+-------
        D:1 |      76 |       0 |   0.0 |      35 |       0 |   0.0
        D:2 |      45 |       7 |  13.5 |       5 |       4 |  44.4
            +---------+---------+-------+---------+---------+-------
